 Dungeon Crawl Stone Soup version 0.27-a0-577-ge2a43ba0c9 (webtiles) character file.

Game seed: 11389444508960270296

63 Chiseanne the Ducker (level 3, -2/30 HPs)
             Began as a Spriggan Berserker on Mar 9, 2021.
             Was a Believer of Trog.
             Slain by Crazy Yiuf
             ... wielding a +3 quarterstaff of chaos
              (4 damage)
             ... while petrified by Crazy Yiuf
             ... on level 2 of the Dungeon.
             The game lasted 00:02:33 (2404 turns).

Chiseanne the Ducker (Spriggan Berserker)           Turns: 2404, Time: 00:02:33

Health: -2/30      AC:  2    Str: 14    XL:     3   Next: 89%
Magic:  4/4        EV:  4    Int:  8    God:    Trog [**....]
Gold:   63         SH:  0    Dex: 14    Spells: 2/2 levels left

rFire    . . .     SeeInvis +   a - +0 hand axe
rCold    . . .     Faith    .   (shield restricted)
rNeg     + + +     Spirit   .   b - +0 animal skin
rPois    ∞         Reflect  .   (helmet restricted)
rElec    .         Harm     .   (no cloak)
rCorr    .         Rampage  .   (gloves unavailable)
Will     .....                  (boots unavailable)
Stlth    ..........             (no amulet)
HPRegen  0.10/turn              (no ring)
MPRegen  0.09/turn              (no ring)

@: berserking, petrified, very quick
A: very small, unfitting armour, see invisible, speed 3
a: Renounce Religion, Berserk, Trog's Hand


You were on level 2 of the Dungeon.
You worshipped Trog.
Trog was pleased with you.
You visited 1 branch of the dungeon, and saw 2 of its levels.

You collected 63 gold pieces.

Inventory:

Hand Weapons
 a - a +0 hand axe (weapon)
 h - a +3 dagger of draining
Missiles
 c - 77 stones
 d - 37 arrows
 f - 36 poisoned darts
 g - 5 datura-tipped darts
 i - 15 sling bullets
Armour
 b - a +0 animal skin (worn)
Scrolls
 e - a scroll of identify
 j - a scroll of immolation {unknown}
 l - a scroll of teleportation {unknown}
 n - a scroll of magic mapping {unknown}
Potions
 k - 2 potions of resistance
 o - 2 potions of curing


   Skills:
 * Level 3.0 Fighting
 * Level 3.0 Axes
 * Level 4.9 Dodging


You had 2 spell levels left.
You didn't know any spells.
Your spell library was empty.

Dungeon Overview and Level Annotations

Branches:
Dungeon (2/15)

Altars:

Annotations:
D:2 Crazy Yiuf


Innate Abilities, Weirdness & Mutations

You are very small and have problems with some larger weapons.
You are too small for most types of armour.
You have supernaturally acute eyesight. (SInv)
You cover ground extremely quickly. (Speed+++)


Message History

No target in view!
No target in view!
No target in view!
No target in view!
You open the door.
There is an open door here.
There is an open door here.
Crazy Yiuf shouts!
Crazy Yiuf says, "I'm not crazy!"
Okay, then.
As you read the scroll labelled UTWUCO UFRIONK, it crumbles to dust.
It is a scroll of identify.
k - 2 potions of resistance
As you read the scroll of identify, it crumbles to dust.
m - a potion of brilliance Crazy Yiuf says, "Blight!"
As you read the scroll of identify, it crumbles to dust.
o - 2 potions of curing Crazy Yiuf screams, "Ghoul bag unthinkable!"
Drop what? 15/52 slots (_ for help) (? for menu, Esc to quit)
You drop a potion of brilliance.
Okay, then.
You open the door.
A red film seems to cover your vision as you go berserk!
You feel yourself moving faster!
You feel mighty!
Crazy Yiuf hits you with a +3 quarterstaff of chaos!
You are slowing down.
You hit Crazy Yiuf.
Crazy Yiuf is moderately wounded.
Crazy Yiuf hits you with a +3 quarterstaff of chaos.
You suddenly lose the ability to move!
Your limbs are stiffening.
You can move again.
You have turned to stone.
Crazy Yiuf hits you with a +3 quarterstaff of chaos!
* * * LOW HITPOINT WARNING * * *
Crazy Yiuf freezes you. Crazy Yiuf hits you but does no damage.
You are electrocuted!
* * * LOW HITPOINT WARNING * * *
Crazy Yiuf hits you with a +3 quarterstaff of chaos!
You die...

...........####....#
...........# ##..##
........#### ♣....♣
........## ♣♣...♣
.........# ♣♣.♣♣
.##......### ♣♣.♣
.##........# ♣.♣♣
...........# ♣♣.♣
.#.........# ♣@♣♣
.#.....#...# #g#
##...###...# ...
.....###...# #...#
#.##...+..># #)..#
#+##.).#...# #####
...#<..#...#
...#...#...######
...#............#


You could see Crazy Yiuf.

Vanquished Creatures
  2 adders (D:2)
  A worm (D:2)
  2 dart slugs (D:2)
  2 leopard geckos (D:2)
  A ball python (D:2)
  2 bats
  2 giant cockroaches
  3 goblins
  4 hobgoblins
  4 jackals (D:1)
  2 frilled lizards (D:1)
  6 kobolds
  6 rats
37 creatures vanquished.

Notes
Turn   | Place    | Note
-------+----------+-------------------------------------------
     0 | D:1      | Chiseanne the Spriggan Berserker began the quest for the
                  | Orb.
     0 | D:1      | Reached XP level 1. HP: 11/11 MP: 2/2
   481 | D:1      | Reached XP level 2. HP: 11/16 MP: 3/3
   642 | D:1      | Reached ** piety under Trog
  1068 | D:2      | Reached XP level 3. HP: 6/19 MP: 4/4
  2117 | D:2      | Found a runed translucent door.
  2118 | D:2      | Noticed Crazy Yiuf
  2400 | D:2      | Paralysed by Crazy Yiuf for 2 turns
  2404 | D:2      | Slain by Crazy Yiuf

Illustrated notes

Levels and vault maps discovered:
D:1:      dpeg_arrival_pond, layout_basic
D:2:      cheibrodos_helix_gallery, layout_basic, uniq_crazy_yiuf_cottage

Skill      XL: |  1  2  3 |
---------------+----------+-----
Fighting       | 3 |  3.0
Axes           | 3 |  3.0
Dodging        | |  4.9

Action                   || total
-------------------------++-------
Melee: Hand axe          ||   118
Invok: Berserk           ||     1
  Use: Scroll            ||     3
Armor: Animal skin       ||    10
Dodge: Dodged            ||   118

Table legend: (Time is in decaauts)
 A = Elapsed time spent in this place.
 B = Non-inter-level travel time spent in this place.
 C = Inter-level travel time spent in this place.
 D = Time resting spent in this place.
 E = Time spent auto-exploring this place.
 F = Levels seen in this place.
 G = Mean time per level.
                   A        B        C        D        E       F      G
               +--------+--------+--------+--------+--------+-----+--------+
         Total |   1962 |   1948 |     14 |    577 |   1092 |   2 |  981.0 |
       Dungeon |   1962 |   1948 |     14 |    577 |   1092 |   2 |  981.0 |
               +--------+--------+--------+--------+--------+-----+--------+

Top non-repeatable levels by time:
     D:1: 1034 daAuts
     D:2: 927 daAuts
